 Dungeon Crawl Stone Soup version 0.22-a0-305-gd21a89c (webtiles) character file.

1362 xccam the Cleaver (level 8, -3/58 HPs)
             Began as a Formicid Fighter on Mar 31, 2018.
             Killed from afar by Dowan (12 damage)
             ... with a shard of ice
             ... on level 5 of the Dungeon.
             The game lasted 00:09:20 (4331 turns).

xccam the Cleaver (Formicid Fighter)                Turns: 4331, Time: 00:09:21

Health: -3/58      AC: 10    Str: 23    XL:     8   Next: 96%
Magic:  8/8        EV:  9    Int:  8    God:
Gold:   222        SH: 10    Dex: 10    Spells: 7/7 levels left

rFire    + . .     SeeInvis +   a - +0 war axe
rCold    . . .     Gourm    .   c - +0 shield
rNeg     . . .     Faith    .   r - +2 scale mail {rF+}
rPois    .         Spirit   .   (helmet unavailable)
rElec    .         Reflect  .   (no cloak)
rCorr    .         Harm     .   (no gloves)
MR       .....                  t - +0 pair of boots
Stlth    ..........             (no amulet)
HPRegen  0.19/turn              p - ring of flight
MPRegen  0.11/turn              q - +1 ring of evasion

@: no status effects
A: permanent stasis, dig shafts and tunnels, four strong arms, antennae 3
a: Dig, Shaft Self, Evoke Flight


You were on level 5 of the Dungeon.
You were hungry.

You visited 1 branch of the dungeon, and saw 5 of its levels.

You collected 222 gold pieces.

Inventory:

Hand Weapons
 a - a +0 war axe (weapon)
Armour
 c - a +0 shield (worn)
 r - a +2 scale mail of fire resistance (worn)
 t - a +0 pair of boots (worn)
Jewellery
 p - a ring of flight (left hand)
 q - a +1 ring of evasion (right hand)
Wands
 d - a wand of flame (2)
Scrolls
 b - a scroll of enchant weapon {unknown}
 h - a scroll of enchant armour {unknown}
 i - 3 scrolls of identify {unknown}
 j - 7 scrolls of remove curse {unknown}
 k - a scroll of fear {unknown}
 l - 5 scrolls of teleportation {unknown}
 m - 2 scrolls of fog {unknown}
 n - 2 scrolls of amnesia {unknown}
Potions
 e - a potion of brilliance {unknown}
 g - 2 potions of curing
 o - a potion of haste {unknown}
 s - a potion of degeneration {unknown}
Comestibles
 f - 7 rations


   Skills:
 - Level 3.2 Fighting
 - Level 10.0 Axes
 - Level 3.2 Armour
 + Level 5.1 Shields


You had 7 spell levels left.
You didn't know any spells.

Dungeon Overview and Level Annotations

Branches:
Dungeon (5/15)
 Temple: D:4-7

Altars:
Gozag
Nemelex Xobeh
Uskayaw
Wu Jian

Annotations:
D:5 Dowan


Innate Abilities, Weirdness & Mutations

You cannot be hasted, slowed, berserked, paralysed or teleported.
You can dig through walls and to a lower floor.
Your four strong arms can wield two-handed weapons with a shield.
You have a pair of large antennae on your head. (SInv)


Message History

You hit Dowan but do no damage.
Dowan is severely wounded.
You block Dowan's attack. Dowan hits you with a dagger.
* * * LOW HITPOINT WARNING * * *
You hit Dowan.
Dowan is severely wounded.
You block Dowan's attack.
You hit Dowan.
Dowan is almost dead.
Dowan hits you but does no damage. You block Dowan's attack.
You closely miss Dowan.
Dowan is almost dead.
Dowan casts a spell at you. The shard of ice hits you!
* * * LOW HITPOINT WARNING * * *
You hit Dowan.
Dowan is almost dead.
Dowan casts a spell at you. The shard of ice hits you!
You die...

####### ####.....#
#........# #.8.8.8..#
......e..# .......@.###
.#.%.....).# .#
#_)....##.# .####
#.!....##.## ..#...
..?.!.......#######.#...
.........#..##......#...
#.8.8.8..#..........#...
#........####...)...#...
##...#. #.......#...


You could see Dowan.

Vanquished Creatures
  Pikel (D:5)
  Eustachio (D:5)
  Duvessa (D:5)
  An ogre (D:5)
  A phantom (D:4)
  A howler monkey (D:2)
  A jelly (D:5)
  A hound (D:4)
  3 orc wizards
  Natasha (thrice) (D:2)
  A bullfrog skeleton (D:4)
  2 iguanas (D:4)
  A worker ant (D:4)
  Terence (D:3)
  9 adders
  A shadow imp (D:5)
  An ooze (D:1)
  An adder skeleton (D:5)
  5 worms
  4 dart slugs
  A leopard gecko (D:2)
  7 orcs
  9 giant cockroaches
  9 goblins
  6 hobgoblins
  11 jackals
  3 quokkas
  9 bats
  7 frilled lizards
  8 kobolds
  A leopard gecko skeleton (D:4)
  A quokka skeleton (D:4)
  8 rats
120 creatures vanquished.

Vanquished Creatures (others)
  2 slaves (D:5)
  A centaur (D:5)
  A crimson imp (D:5)
  2 orc wizards (D:5)
  A hound zombie (D:5)
  A quokka zombie (D:5)
8 creatures vanquished.

Grand Total: 128 creatures vanquished

Notes
Turn   | Place    | Note
-------+----------+-------------------------------------------
     0 | D:1      | xccam the Formicid Fighter began the quest for the Orb.
     0 | D:1      | Reached XP level 1. HP: 18/18 MP: 1/1
    19 | D:1      | Reached XP level 2. HP: 1/24 MP: 2/2
    19 | D:1      | HP: 1/24 [frilled lizard (1)]
   392 | D:1      | Reached skill level 3 in Axes
   492 | D:1      | Reached XP level 3. HP: 29/29 MP: 3/3
   996 | D:2      | Noticed Natasha
  1007 | D:2      | Killed Natasha
  1007 | D:2      | Reached skill level 4 in Axes
  1007 | D:2      | Reached XP level 4. HP: 7/35 MP: 4/4
  1337 | D:2      | Noticed Natasha
  1344 | D:2      | Killed Natasha
  1344 | D:2      | Reached XP level 5. HP: 21/41 MP: 5/5
  1352 | D:2      | Reached skill level 5 in Axes
  1353 | D:2      | Noticed Natasha
  1362 | D:2      | Killed Natasha
  1643 | D:2      | Reached XP level 6. HP: 37/47 MP: 6/6
  2148 | D:3      | Reached skill level 6 in Axes
  2285 | D:3      | Found an ornate altar of the Wu Jian Council.
  2320 | D:3      | Noticed Terence
  2324 | D:3      | Killed Terence
  2855 | D:4      | Found a sparkling altar of Nemelex Xobeh.
  2879 | D:4      | Found an opulent altar of Gozag.
  2881 | D:4      | Noticed a phantom
  2957 | D:4      | Killed a phantom
  2957 | D:4      | Reached skill level 7 in Axes
  2957 | D:4      | Reached XP level 7. HP: 29/52 MP: 7/7
  3620 | D:4      | Reached skill level 8 in Axes
  3862 | D:5      | Entered Level 5 of the Dungeon
  3864 | D:5      | Noticed Pikel
  3885 | D:5      | Killed Pikel
  3885 | D:5      | Reached skill level 9 in Axes
  3885 | D:5      | Reached XP level 8. HP: 53/58 MP: 8/8
  3957 | D:5      | Noticed Eustachio
  3978 | D:5      | Killed Eustachio
  3990 | D:5      | Reached skill level 10 in Axes
  4285 | D:5      | Found a hide-covered altar of Uskayaw.
  4294 | D:5      | Noticed Duvessa
  4294 | D:5      | Noticed Dowan
  4302 | D:5      | Killed Duvessa
  4302 | D:5      | Reached skill level 5 in Shields
  4331 | D:5      | Killed from afar by Dowan

Vault maps used:
D:1:      sevenhm_arrival_forest_fort_small_6, minmay_bisected
D:2:      uniq_natasha
D:3:      nicolae_overflow_crystal_walls, minmay_misc_feat_roman, uniq_terence
D:4:      overflow_temple_1_default, grunt_gozag_statues, first_ration
D:5:      eat_drink_and_be_merry_uskayaw, uniq_pikel, uniq_duvessa,
          uniq_eustachio

Skill      XL: |  1  2  3  4  5  6  7  8 |
---------------+-------------------------+-----
Axes           | 3 4 5 7 9 10 | 10.0
Shields        | 5 |  5.1
Fighting       | |  3.2
Armour         | |  3.2

Action                   |  1- 3 |  4- 6 |  7- 9 || total
-------------------------+-------+-------+-------++-------
Melee: War axe           |   114 |   203 |   175 ||   492
Evoke: Wand              |       |       |     2 ||     2
  Use: Potion            |       |     1 |     2 ||     3
  Eat: Chunk             |       |     7 |     4 ||    11
Armor: Scale mail        |    65 |    70 |    62 ||   197
       Skin              |       |       |    47 ||    47
Dodge: Dodged            |    40 |    59 |    36 ||   135
Block: Shield            |    79 |    94 |    96 ||   269

Table legend:
 A = Spawn XP
 B = Non-spawn XP
 C = Spawn XP percentage of total XP
 D = Spawn monster count
 E = Non-spawn monster count
 F = Spawn count percentage of total count
 G = Total turns spent on level
                    A         B        C        D         E        F      G
               +---------+---------+-------+---------+---------+-------+---------
         Total |       0 |    1947 |   0.0 |       0 |     120 |   0.0 |  4331
               +---------+---------+-------+---------+---------+-------+---------
           D:1 |       0 |      60 |   0.0 |       0 |      34 |   0.0 |   996
           D:2 |       0 |     244 |   0.0 |       0 |      28 |   0.0 |  1144
           D:3 |       0 |     130 |   0.0 |       0 |      25 |   0.0 |   715
           D:4 |       0 |     452 |   0.0 |       0 |      23 |   0.0 |  1007
           D:5 |       0 |    1061 |   0.0 |       0 |      10 |   0.0 |   469
               +---------+---------+-------+---------+---------+-------+---------
